AoeStats
← Blazing Cartesia, The Virtuous

Runestones

507224721Analyzed
1v1 RM · 14d ago on Sep 17, 2026· 49m 39s· 2 players
Game mode
Random Map
Map size
Tiny (2 player)
Population
200
Speed
Normal
Resources
Standard
Victory
Conquest
Starting age
Dark Age
Ending age
Imperial Age
RankedLock teamsTeams togetherTeam positionsShared explorationLock speedFull tech treeHidden civsTurbo modeCheats
Victory
Defeat
1129
+17
🇪🇸 Gurjaras · Spain
1153
-17
Blazing Cartesia, The Virtuous
6:10 Loom
9:19 Feudal Age
9:51 Double-Bit Axe
11:34 Horse Collar
16:15 Wheelbarrow
18:39 Castle Age
17:15 Gold Mining
18:02 Bloodlines
19:41 Bow Saw
21:07 Husbandry
22:15 Fletching
24:14 Heavy Plow
25:22 Squires
26:03 Bodkin Arrow
29:08 Hand Cart
34:17 Imperial Age
32:09 Stone Mining
33:03 Scale Barding Armor
33:09 Forging
34:26 Chain Barding Armor
34:22 Cavalier
35:48 Iron Casting
36:39 Crop Rotation
37:13 Two-Man Saw
38:45 Elite Fire Lancer
41:21 Paper Money
41:12 Town Watch
41:38 Scale Mail Armor
41:54 Elite Rattan Archer
43:09 Hoardings
44:23 Chain Mail Armor
44:09 Bracer
44:11 Padded Archer Armor
45:10 Ballistics
45:51 Chemistry
47:01 Siege Engineers
46:44 Elite Skirmisher
47:29 Thumb Ring
juanmorenosalamanca
4:34 Loom
9:36 Feudal Age
15:02 Double-Bit Axe
20:18 Castle Age
21:29 Bow Saw
21:03 Horse Collar
24:09 Padded Archer Armor
24:04 Fletching
24:07 Elite Skirmisher
25:49 Leather Archer Armor
32:03 Bodkin Arrow
33:50 Wheelbarrow
36:26 Imperial Age
34:10 Stone Mining
34:12 Gold Mining
34:42 Town Watch
35:21 Ballistics
35:11 Scale Barding Armor
35:49 Town Patrol
36:14 Hand Cart
36:42 Stone Shaft Mining
36:24 Forging
36:36 Bloodlines
37:12 Chain Barding Armor
36:55 Husbandry
36:47 Heavy Camel Rider
39:13 Plate Barding Armor
39:55 Iron Casting
48:01 Chemistry
47:51 Bracer
Connection lost

Rejoining the realm…

Still unreachable

The connection could not be restored.

Session expired

The server has moved on; the page needs a fresh start.